 Dungeon Crawl Stone Soup version 0.27.0-1-g7a089689b8 (webtiles) character file.

Game seed: 8608661559498559239

859 EnegeticOcto the Chopper (level 7, -2/66 HPs)
             Began as a Deep Dwarf Fighter on Aug 2, 2021.
             Was an Initiate of Gozag.
             Slain by a scorpion (4 damage)
             ... on level 5 of the Dungeon.
             The game lasted 00:02:10 (2270 turns).

EnegeticOcto the Chopper (Deep Dwarf Fighter)       Turns: 2270, Time: 00:02:10

Health: -2/66      AC:  7    Str: 22    XL:     7   Next: 71%
Magic:  0/0        EV:  7    Int:  8    God:    Gozag
Gold:   25         SH: 11    Dex: 18    Spells: 8/8 levels left

rFire    . . .     SeeInvis .   a - +0 war axe
rCold    . . .     Faith    .   c - +0 kite shield
rNeg     . . .     Spirit   .   b - +0 scale mail
rPois    .         Reflect  .   (no helmet)
rElec    .         Harm     .   (no cloak)
rCorr    .         Rampage  .   (no gloves)
Will     +....                  (no boots)
Stlth    ..........             (no amulet)
HPRegen  0.00/turn              f - +6 ring of dexterity
MPRegen  0.07/turn              (no ring)

@: gold aura
A: damage resistance, heal wounds, sense surroundings 1, no regeneration
a: Heal Wounds, Renounce Religion, Potion Petition, Call Merchant, Bribe Branch


You were on level 5 of the Dungeon.
You worshipped Gozag.
Gozag was noncommittal.
You visited 1 branch of the dungeon, and saw 5 of its levels.

You collected 481 gold pieces.
You paid 456 gold pieces to Gozag.

Inventory:

Hand Weapons
 a - a +0 war axe (weapon)
Armour
 b - a +0 scale mail (worn)
 c - a +0 kite shield (worn)
Jewellery
 f - a +6 ring of dexterity (left hand)
Scrolls
 e - a scroll of brand weapon {unknown}
 g - 3 scrolls of identify {unknown}
 h - 4 scrolls of blinking {unknown}
 i - a scroll of immolation {unknown}


   Skills:
 + Level 4.3 Fighting
 * Level 6.3 Axes
 + Level 5.2 Armour
 + Level 5.3 Shields
 * Level 1.4 Spellcasting


You had 8 spell levels left.
You didn't know any spells.
Your spell library was empty.

Dungeon Overview and Level Annotations

Branches:
Dungeon (5/15)
 Temple: D:4-7

Altars:
Gozag
Kikubaaqudgha
Makhleb
Yredelemnul

Shops:
D:4 [


Innate Abilities, Weirdness & Mutations

You are resistant to damage.
You can heal yourself by infusing magical energy.
You passively map a small area around you.
You do not regenerate.


Message History

You completely miss the centaur warrior zombie.
The centaur warrior zombie hits you but does no damage.
The centaur warrior zombie kicks you.
* * * LOW HITPOINT WARNING * * *
The centaur warrior zombie hits you but does no damage.
The centaur warrior zombie kicks you but does no damage.
You slash the centaur warrior zombie!
The centaur warrior zombie is lightly damaged.
The centaur warrior zombie hits you.
You block the centaur warrior zombie's attack.
The centaur warrior zombie hits you but does no damage.
The centaur warrior zombie closely misses you.
You hit the centaur warrior zombie.
The centaur warrior zombie is moderately damaged.
The centaur warrior zombie hits you.
* * * LOW HITPOINT WARNING * * *
You block the centaur warrior zombie's attack.
The centaur warrior zombie hits you.
The centaur warrior zombie kicks you but does no damage.
You hit the centaur warrior zombie.
The centaur warrior zombie is moderately damaged.
The centaur warrior zombie hits you.
* * * LOW HITPOINT WARNING * * *
You block the centaur warrior zombie's attack.
The centaur warrior zombie hits you.
The centaur warrior zombie kicks you but does no damage.
You slash the centaur warrior zombie!
The centaur warrior zombie is moderately damaged.
The centaur warrior zombie hits you but does no damage.
You block the centaur warrior zombie's attack.
You slash the centaur warrior zombie!
The centaur warrior zombie is heavily damaged.
You block the centaur warrior zombie's attack. x2
The centaur warrior zombie hits you but does no damage.
The centaur warrior zombie kicks you but does no damage.
You hit the centaur warrior zombie.
The centaur warrior zombie is heavily damaged.
You block the centaur warrior zombie's attack. x3
The centaur warrior zombie kicks you but does no damage.
You slash the centaur warrior zombie!
The centaur warrior zombie is heavily damaged.
You block the centaur warrior zombie's attack.
The centaur warrior zombie kicks you but does no damage.
The centaur warrior zombie hits you.
* * * LOW HITPOINT WARNING * * *
The centaur warrior zombie kicks you but does no damage.
You hit the centaur warrior zombie.
The centaur warrior zombie is severely damaged.
The centaur warrior zombie hits you.
You block the centaur warrior zombie's attack.
The centaur warrior zombie hits you.
* * * LOW HITPOINT WARNING * * *
The centaur warrior zombie kicks you.
Your scale mail prevents you from hitting the centaur warrior zombie.
The centaur warrior zombie is severely damaged.
You block the centaur warrior zombie's attack.
The centaur warrior zombie kicks you but does no damage.
The centaur warrior zombie hits you but does no damage.
The centaur warrior zombie kicks you but does no damage.
You slash the centaur warrior zombie!
The centaur warrior zombie is severely damaged.
The centaur warrior zombie hits you.
You block the centaur warrior zombie's attack.
You slash the centaur warrior zombie!
The centaur warrior zombie is almost destroyed.
The centaur warrior zombie barely misses you.
The centaur warrior zombie kicks you but does no damage.
You block the centaur warrior zombie's attack.
The centaur warrior zombie barely misses you.
You slash the centaur warrior zombie!
You destroy the centaur warrior zombie!
That felt strangely unrewarding.
There is a stone staircase leading up, spattered with blood here.
You see here a +0 club.
You open the door.
There is an open door here.
You open the door.
There is an open door here.
A jelly comes into view.
The jelly quivers.
A jelly is nearby!
A jelly is nearby!
You are too injured to fight recklessly!
The jelly hits you.
You are splashed with acid.
* * * LOW HITPOINT WARNING * * *
Found 12 gold pieces.
You hit the jelly.
Your hands burn!
The jelly is moderately wounded.
The jelly hits you but does no damage. x2
You hit the jelly.
Your hands burn!
* * * LOW HITPOINT WARNING * * *
The jelly is heavily wounded.
You block the jelly's attack.
You slash the jelly!
You kill the jelly!
A scorpion comes into view.
You see here 7 gold pieces.
You open the door. The scorpion stings you.
You die...
Your body crumbles into a pile of gold.

,, , , , * * * ####* * ,
*####..# ,>* * # ⌠ ,
.....# , , + ... * ,
....# , ,, ... *####*
#..#* * #.# ≈ ,,.....
##..############.#
,......#s.......#....#...
≈
......'@..$....#....#...
,
......#........'....#...
, *
#....,#........#....'..)
#... ,####'##..#..#####.
+.. ,, ....######..###. *
#. , ......# #....... , #
* ......# #....... *
....$.# #....... ,
#.......


You could see a scorpion.

Vanquished Creatures
  3 centaur zombies
  Grinder (D:3)
  5 flying skulls (D:4)
  Menkaure (D:4)
  A water moccasin (D:5)
  A sky beast (D:3)
  A howler monkey (D:4)
  3 orc priests
  A jelly (D:5)
  2 iguanas
  An orc wizard (D:5)
  2 mummies
  3 adders
  An ufetubus (D:4)
  An adder skeleton (D:4)
  5 dart slugs
  7 orcs
  3 bats
  7 endoplasms
  A giant cockroach (D:2)
  4 goblins
  5 hobgoblins
  10 jackals
  4 quokkas
  8 ball pythons
  4 frilled lizards
  9 kobolds
  2 quokka skeletons (D:4)
  3 rats
99 creatures vanquished.

Vanquished Creatures (others)
  A plant (D:5)
1 creature vanquished.

Grand Total: 100 creatures vanquished

Notes
Turn   | Place    | Note
-------+----------+-------------------------------------------
     0 | D:1      | EnegeticOcto the Deep Dwarf Fighter began the quest for the
                  | Orb.
     0 | D:1      | Reached XP level 1. HP: 20/20 MP: 1/1
    15 | D:1      | Reached XP level 2. HP: 27/27 MP: 2/2
    63 | D:1      | Found a faded altar of an unknown god.
    80 | D:1      | Became a worshipper of Yredelemnul the Dark
    80 | D:1      | Reached * piety under Yredelemnul
    81 | D:1      | Fell from the grace of Yredelemnul
   182 | D:1      | Reached skill level 3 in Axes
   188 | D:1      | Reached XP level 3. HP: 26/33 MP: 3/3
   513 | D:2      | You fall into a shaft and drop 1 floor!
   513 | D:3      | Found an opulent altar of Gozag.
   586 | D:3      | Became a worshipper of Gozag Ym Sagoz the Greedy
   609 | D:3      | Found a burning altar of Makhleb.
   628 | D:3      | Reached XP level 4. HP: 21/42 MP: 3/3
   653 | D:3      | Reached skill level 4 in Axes
   659 | D:3      | Reached XP level 5. HP: 45/49 MP: 3/3
   848 | D:3      | Noticed a sky beast
   857 | D:3      | Killed a sky beast
   875 | D:3      | Noticed Grinder
   894 | D:3      | Paralysed by Grinder for 4 turns
   902 | D:3      | Killed Grinder
   903 | D:3      | Reached skill level 5 in Axes
   903 | D:3      | Reached XP level 6. HP: 43/57 MP: 2/2
  1315 | D:4      | Found an ancient bone altar of Kikubaaqudgha.
  1563 | D:4      | Noticed Menkaure
  1576 | D:4      | Killed Menkaure
  1577 | D:4      | Reached skill level 5 in Shields
  1577 | D:4      | Reached XP level 7. HP: 54/64 MP: 1/1
  1670 | D:4      | Found Riewim's Armour Emporium.
  1722 | D:4      | Reached skill level 5 in Armour
  1899 | D:5      | Entered Level 5 of the Dungeon
  1918 | D:5      | Reached skill level 6 in Axes
  1918 | D:5      | Reached skill level 1 in Spellcasting
  2043 | D:5      | Noticed a flying skull
  2043 | D:5      | Noticed a flying skull
  2043 | D:5      | Noticed a flying skull
  2043 | D:5      | Noticed a flying skull
  2043 | D:5      | Noticed a flying skull
  2060 | D:4      | Killed a flying skull
  2067 | D:4      | Killed a flying skull
  2113 | D:4      | Killed a flying skull
  2123 | D:4      | Killed a flying skull
  2139 | D:4      | Killed a flying skull
  2262 | D:5      | HP: 3/64 [acid (3)]
  2270 | D:5      | Slain by a scorpion

Illustrated notes

Levels and vault maps discovered:
D:1:      grunt_arrival_lava_bath, layout_rooms,
          chequers_ecumenical_altar_simple_redux, st_stairs_1, minmay_surrounded
D:2:      layout_basic, serial_shops, shop, basic_altar, minmay_misc_feat_plants
D:3:      layout_loops_ring, nicolae_gozag_seed_capital,
          mainiacjoe_overflow_concentric_impassable, uniq_grinder
D:4:      layout_basic, mainiacjoe_overflow_brackets, serial_shops, shop,
          minmay_close_crescents, uniq_menkaure
D:5:      layout_gridville, nicolae_elyvilon_temple_path, lemuel_doored_altar,
          grunt_ministairs_10, amcnicky_mini_corridor_feature,
          grunt_decor_mini_mirrors, uniq_prince_ribbit1, uniq_duvessa

Skill      XL: |  1  2  3  4  5  6  7 |
---------------+----------------------+-----
Axes           | 3 4 5 6 |  6.3
Fighting       | 3 4 |  4.3
Armour         | 4 5 |  5.2
Shields        | 4 5 |  5.3
Spellcasting   | 1 |  1.4

Action                   |  1- 3 |  4- 6 |  7- 9 || total
-------------------------+-------+-------+-------++-------
Melee: War axe           |   114 |   104 |   139 ||   357
Invok: Renounce Religion |     1 |       |       ||     1
       Potion Petition   |       |       |     1 ||     1
 Abil: Heal Wounds       |     3 |     9 |     9 ||    21
  Use: Potion            |       |       |     3 ||     3
Armor: Scale mail        |    62 |    47 |    96 ||   205
       Skin              |       |       |    22 ||    22
Dodge: Dodged            |    42 |    36 |    53 ||   131
Block: Kite shield       |    71 |    55 |   109 ||   235
